 Dungeon Crawl Stone Soup version 0.30-a0-591-g3c58d2bc28 (webtiles) character file.

Game seed: 10472164189129288503

1 drugrobin the Sneak (level 1, -1/18 HPs)
             Began as a Demigod Delver on Jan 4, 2023.
             Slain by an ufetubus (4 damage)
             ... on level 4 of the Dungeon.
             The game lasted 00:01:49 (238 turns).

drugrobin the Sneak (Demigod Delver)                 Turns: 238, Time: 00:01:50

Health: -1/18      AC:  3    Str: 13    XL:     1   Next: 13%
Magic:  3/3        EV: 11    Int: 12    God:
Gold:   11         SH:  0    Dex: 15    Spells: 0/0 levels left

rFire   . . .      SeeInvis .    g - +0 war axe
rCold   . . .      Faith    .    (no shield)
rNeg    . . .      Spirit   .    a - +0 leather armour
rPois   .          Reflect  .    (no helmet)
rElec   .          Harm     .    (no cloak)
rCorr   .          Rampage  .    (no gloves)
Will    .....                    (no boots)
Stlth   +++                      (no amulet)
HPRegen 0.23/turn                (no ring)
MPRegen 0.08/turn                (no ring)

@: no status effects
A: high MP 1, forlorn, divine attributes
a: no special abilities


You were on level 4 of the Dungeon.
You visited 1 branch of the dungeon, and saw 3 of its levels.

You collected 11 gold pieces.

Inventory:

Hand Weapons
 g - a +0 war axe (weapon)
Armour
 a - a +0 leather armour (worn)
Wands
 f - a wand of digging (2)
Scrolls
 b - a scroll of fog
 c - a scroll of identify {unknown}
Potions
 d - a potion of attraction {unknown}
 e - a potion of haste


   Skills:
 - Level 2.6 Fighting
 - Level 1.7 Dodging
 - Level 4.5 Stealth
 + Level 1.9 Unarmed Combat


You couldn't memorise any spells.
You didn't know any spells.
Your spell library was empty.

Dungeon Overview and Level Annotations

Branches:
Dungeon (6/15)
 Temple: D:4-7

Shops:
D:5 (


Innate Abilities, Weirdness & Mutations

You have an increased reservoir of magic. (+10% MP)
You shall have no god before yourself.
Your divine heritage dramatically boosts your attributes as you level up.


Message History

Found 6 stones.
The ufetubus shouts!
Unknown command.
g - a +0 war axe (weapon)
Press: ? - help, v - describe, . - travel
Here: an ufetubus The floor.
Unknown command.
Cleave: g) +0 war axe
Press: ? - help, Dir - move target, f - ufetubus
Aim: an ufetubus (about 65% to evade your +0 war axe)
Okay, then.
Unknown command.
Unknown command.
You closely miss the ufetubus.
The ufetubus hits you but does no damage.
The ufetubus hits you. The ufetubus barely misses you.
The ufetubus closely misses you.
Unknown command.
Unknown command.
You miss the ufetubus. The ufetubus hits you. The ufetubus closely misses you.
The ufetubus hits you but does no damage.
The ufetubus hits you.
Unknown command.
Unknown command.
You closely miss the ufetubus.
The ufetubus hits you but does no damage.
The ufetubus barely misses you. The ufetubus hits you.
* * * LOW HITPOINT WARNING * * *
The ufetubus barely misses you.
Unknown command.
Unknown command.
You hit the ufetubus but do no damage. The ufetubus closely misses you.
The ufetubus hits you but does no damage.
The ufetubus barely misses you. x2; The ufetubus hits you.
* * * LOW HITPOINT WARNING * * *
The ufetubus closely misses you.
Unknown command.
You miss the ufetubus. The ufetubus hits you.
You die...

...## ### ....#
##.##.....#
#...#....##
#.......... #
##....$.....
##.######..........(
.##...†.##............
.......>@5............
.##...................
................#...g.
##.............####.##
#...........)... ..
...........$..##..
..........>....#..
..........##....


You could see an ufetubus.

Vanquished Creatures
  A hobgoblin (D:4)
1 creature vanquished.

Notes
Turn   | Place    | Note
-------+----------+-------------------------------------------
     0 | D:5      | drugrobin the Demigod Delver began the quest for the Orb.
     0 | D:5      | Reached XP level 1. HP: 18/18 MP: 3/3
    10 | D:5      | Noticed an iguana
    20 | D:6      | Noticed a hound
    23 | D:6      | Noticed an orc warrior
   121 | D:6      | Noticed a jelly
   123 | D:6      | Noticed a necrophage
   156 | D:6      | Noticed an ice beast
   168 | D:5      | Noticed an ogre
   190 | D:5      | Found Powa's Weapon Shoppe.
   190 | D:5      | Noticed an ogre
   238 | D:4      | Slain by an ufetubus

Illustrated notes

Levels and vault maps discovered:
D:4:      layout_cave_pools, lemuel_tele_altar, minitemple,
          minmay_fractal_squares_gapless_5, uniq_ijyb, uniq_blork_the_orc,
          uniq_robin, uniq_eustachio
D:5:      dreamdust_elfheim, layout_basic, pf_just_have_faith,
          nicolae_overflow_hidden_temple, mainiacjoe_overflow_chevrons,
          minmay_temple_entry_tees, serial_shops,
          nicolae_shop_competitors_out_of_business, chequers_arboretum,
          hex_medium, minmay_crossroads
D:6:      minmay_chambers_of_fours, layout_loops_ring, grunt_ministairs_6

Action                   || total
-------------------------++-------
Melee: Unarmed           ||    11
       War axe           ||     5
       Punch             ||     1
Evoke: Wand              ||     1
  Use: Scroll            ||     2
Armor: Leather armour    ||     7
Dodge: Dodged            ||    21

Table legend: (Time is in decaauts)
 A = Elapsed time spent in this place.
 B = Non-inter-level travel time spent in this place.
 C = Inter-level travel time spent in this place.
 D = Time resting spent in this place.
 E = Time spent auto-exploring this place.
 F = Levels seen in this place.
 G = Mean time per level.
                   A        B        C        D        E       F      G
               +--------+--------+--------+--------+--------+-----+--------+
         Total |    238 |    238 |      0 |     63 |      9 |   3 |   79.3 |
       Dungeon |    238 |    238 |      0 |     63 |      9 |   3 |   79.3 |
               +--------+--------+--------+--------+--------+-----+--------+

Top non-repeatable levels by time:
     D:6: 146 daAuts
     D:5: 50 daAuts
     D:4: 41 daAuts
